 Dungeon Crawl Stone Soup version 0.26.1-11-gd32895ea62 (webtiles) character file.

Game seed: 17743490779777825576

1 phalm the Conjurer (level 1, 0/10 HPs)
             Began as a Deep Elf Conjurer on May 5, 2021.
             Slain by a jackal (2 damage)
             ... on level 1 of the Dungeon.
             The game lasted 00:00:20 (68 turns).

phalm the Conjurer (Deep Elf Conjurer)                Turns: 68, Time: 00:00:20

Health: 0/10       AC:  2    Str:  4    XL:     1   Next: 16%
Magic:  0/6        EV: 13    Int: 22    God:
Gold:   39         SH:  0    Dex: 13    Spells: 5/6 levels left

rFire    . . .     SeeInvis .   e - -1 club (curse)
rCold    . . .     Faith    .   (no shield)
rNeg     . . .     Spirit   .   a - +0 robe
rPois    .         Reflect  .   (no helmet)
rElec    .         Harm     .   (no cloak)
rCorr    .         Rampage  .   (no gloves)
Will     .....                  (no boots)
Stlth    ++........             (no amulet)
HPRegen  0.03/turn              (no ring)
MPRegen  0.10/turn              (no ring)

@: no status effects
A: no striking features
a: no special abilities


You were on level 1 of the Dungeon.
You visited 1 branch of the dungeon, and saw 1 of its levels.

You collected 39 gold pieces.


   Skills:
 - Level 2.4 Dodging
 - Level 2.4 Stealth
 - Level 3.0 Spellcasting
 + Level 4.4 Conjurations


You had 5 spell levels left.
You knew the following spells:

 Your Spells              Type           Power        Failure   Level
m - Magic Dart            Conj           92%          1%          1

Your spell library contained the following spells:

 Spells                   Type           Power        Failure   Level
 Searing Ray              Conj           46%          3%          2
 Dazzling Flash           Conj/Hex       26%          16%         3
 Fulminant Prism          Conj/Hex       6%           45%         4
 Iskenderun's Mystic Bla  Conj/Tloc      13%          45%         4

Inventory:

Hand Weapons
 e - a cursed -1 club (weapon)
   (You found it on level 1 of the Dungeon)
Armour
 a - a +0 robe (worn)
Scrolls
 b - 2 scrolls of identify {unknown}
Potions
 c - a potion of heal wounds {unknown}
 d - a potion of curing {unknown}

Dungeon Overview and Level Annotations

Branches:
Dungeon (1/15)

Altars:

### ##### ##### ######
..# #...# #...# #....#
8.# #...# #...# #....#
..###...###...###....#
................@....#
<...............hhh..#
.....................#
..###...###...###g...#
8.# #.>.# #.>.# #....#
..# #...# #...# #....#
### ##### #####
####.############
#............#
#.......g....!


You could see 3 jackals and a hobgoblin.


Message History

🤖 Initializing magus.rc ... ✅ Successfully initialized magus.rc [v1.9.10] Welcome, phalm the Deep Elf Conjurer.
Will you prevail where others failed? Will you find the Orb of Zot?
Press ? for a list of commands and other information.
Found 16 gold pieces and 2 scrolls labelled VABIEXZOFOY.
Found a staircase leading out of the dungeon.
Found an escape hatch in the floor.
You now have 16 gold pieces.
b - 2 scrolls labelled VABIEXZOFOY
Found an escape hatch in the floor.
c - a fuming orange potion
d - a cyan potion You now have 25 gold pieces (gained 9).
You now have 28 gold pieces (gained 3).
You now have 39 gold pieces (gained 11).
A jackal comes into view.
The jackal barks!
You hear a bark!
The magic dart hits the jackal. 😎 MP[-1]
You lost 1 mp, and now have 5/6 mp.
You can't see any susceptible monsters within range! (Use Z to cast anyway.)
A jackal comes into view.
The magic dart hits the jackal.
The jackal barks!
You hear a shout! x2
A jackal comes into view. 😎 MP[-1]
You lost 1 mp, and now have 4/6 mp.
The magic dart hits the jackal.
The jackal barks! 😎 MP[-1]
You lost 1 mp, and now have 3/6 mp.
The magic dart hits the jackal.
You kill the jackal!
A jackal comes into view. 😎 MP[-1]
You lost 1 mp, and now have 2/6 mp.
The magic dart hits the jackal.
A hobgoblin comes into view. It is wielding a +0 club. 😎 MP[-1]
You lost 1 mp, and now have 1/6 mp.
The magic dart hits the jackal but does no damage. 😎 MP[-1]
You lost 1 mp, and now have 0/6 mp. 😎 MP[+1]
The jackal barely misses you.
You see here a club.
e - a club The jackal closely misses you. x2
The magic dart hits the jackal.
The jackal bites you but does no damage.
The jackal barely misses you. The jackal closely misses you. 😎 MP[-1]
You lost 1 mp, and now have 0/6 mp.
It sticks to your hand!
e - a cursed -1 club (weapon)
The jackal bites you but does no damage.
The jackal misses you. The jackal barely misses you.
You barely miss the jackal. The jackal completely misses you.
The jackal misses you. The jackal bites you.
The jackal bites you but does no damage. 😕 HP[-2] MP[+1]
You take 2 damage, and now have 8/10 hp.
You closely miss the jackal. The jackal misses you.
The jackal barely misses you. The jackal bites you. x2
* * * LOW HITPOINT WARNING * * *
The jackal barely misses you. 😨 HP[-4]
You take 4 damage, and now have 4/10 hp.
MASSIVE DAMAGE!! (PAUSE)
Aiming: Magic Dart (safe; 1% risk of failure)
Press: ? - help, Q - select action Shift-Dir - straight line, f/p - jackal
Aim: a jackal (moderately wounded, 0% to evade)
The magic dart hits the jackal but does no damage.
The jackal closely misses you. The jackal barely misses you.
The jackal bites you.
* * * LOW HITPOINT WARNING * * *
The jackal barely misses you.
The jackal bites you but does no damage.
The jackal barely misses you. 😨 MP[-1]
You lost 1 mp, and now have 0/6 mp.
The jackal bites you.
* * * LOW HITPOINT WARNING * * *
The jackal bites you.
You die...

Action                   || total
-------------------------++-------
Melee: Club              ||     2
 Cast: Magic Dart        ||     8
Armor: Robe              ||     4
Dodge: Dodged            ||    16

Levels and vault maps discovered:
D:1:      minmay_arrival_hallway, layout_basic, moated_statue

Notes
Turn   | Place    | Note
-------+----------+-------------------------------------------
     0 | D:1      | phalm the Deep Elf Conjurer began the quest for the Orb.
     0 | D:1      | Reached XP level 1. HP: 10/10 MP: 6/6
     0 | D:1      | magus.rc [v1.9.10]
    68 | D:1      | HP: 2/10 [jackal (2)]
    68 | D:1      | Slain by a jackal

Vanquished Creatures
  A jackal (D:1)
1 creature vanquished.

Table legend:
 A = Non-vault XP
 B = Vault XP
 C = Vault XP percentage of total XP
 D = Non-vault monster count
 E = Vault monster count
 F = Vault count percentage of total count
                 A         B        C        D         E       F
            +---------+---------+-------+---------+---------+-------
      Total |       2 |       0 |   0.0 |       1 |       0 |   0.0
            +---------+---------+-------+---------+---------+-------
        D:1 |       2 |       0 |   0.0 |       1 |       0 |   0.0
            +---------+---------+-------+---------+---------+-------

Illustrated notes

Table legend:
 A = Kills in this place as a percentage of kills in entire the game.
 B = Kills by you in this place as a percentage of kills by you in the entire game.
 C = Kills by friends in this place as a percentage of kills by friends in the entire game.
 D = Other kills in this place as a percentage of other kills in the entire game.
 E = Experience gained in this place as a percentage of experience gained in the entire game.
 F = Experience gained in this place divided by the number of levels of this place that you have seen.
                   A       B       C       D       E      F
               +-------+-------+-------+-------+-------+----------------------
         Total | 100.0 | 100.0 |   N/A |   N/A | 100.0 |   2.0
       Dungeon | 100.0 | 100.0 |   N/A |   N/A | 100.0 |   2.0
               +-------+-------+-------+-------+-------+----------------------

Table legend: (Time is in decaauts)
 A = Elapsed time spent in this place.
 B = Non-inter-level travel time spent in this place.
 C = Inter-level travel time spent in this place.
 D = Time resting spent in this place.
 E = Time spent auto-exploring this place.
 F = Levels seen in this place.
 G = Mean time per level.
                   A        B        C        D        E       F      G
               +--------+--------+--------+--------+--------+-----+--------+
         Total |     68 |     68 |      0 |      0 |     39 |   1 |   68.0 |
       Dungeon |     68 |     68 |      0 |      0 |     39 |   1 |   68.0 |
               +--------+--------+--------+--------+--------+-----+--------+

Top non-repeatable levels by time:
     D:1: 68 daAuts
